 Dungeon Crawl Stone Soup version 0.31-a0-108-gdf935468f2 (webtiles) character file.

Game seed: 11308954874579970004

216 senseless the Shooter (level 5, -11/31 HPs)
             Began as a Deep Elf Hunter on May 27, 2023.
             Killed by divine providence
             ... invoked by an orc priest
              (12 damage)
             ... on level 4 of the Dungeon.
             The game lasted 00:07:12 (3228 turns).

senseless the Shooter (Deep Elf Hunter)             Turns: 3228, Time: 00:07:13

Health: -11/31     AC:  3    Str:  8    XL:     5   Next: 61%
Magic:  0/7        EV: 13    Int: 14    God:
Gold:   220        SH:  0    Dex: 20    Spells: 4/4 levels left

rFire   . . .        a - +0 shortbow (elec)
rCold   . . .        (shield currently unavailable)
rNeg    . . .        c - +0 leather armour
rPois   +            (no helmet)
rElec   .            (no cloak)
rCorr   .            (no gloves)
SInv    .            (no boots)
Will    .....        m - amulet of guardian spirit
Stlth   ++           r - ring of poison resistance
HPRegen 0.25/turn    (no ring)
MPRegen 0.10/turn

%: guardian spirit
@: invisible
A: no striking features
a: no special abilities


You were on level 4 of the Dungeon.
You visited 1 branch of the dungeon, and saw 4 of its levels.

You collected 220 gold pieces.

Inventory:

Hand Weapons
 a - a +0 shortbow of electrocution (weapon)
Armour
 c - a +0 leather armour (worn)
Jewellery
 m - an amulet of guardian spirit (around neck)
 r - a ring of poison resistance (left hand)
Wands
 f - a wand of flame (18)
 l - a wand of roots (9)
 t - a wand of mindburst (15)
Scrolls
 b - a scroll of immolation
 g - 5 scrolls of teleportation
 k - a scroll of fog
Potions
 d - a potion of cancellation {unknown}
 e - a potion of mutation {unknown}
 h - a potion of lignification {unknown}
 j - a potion of haste {unknown}
 o - 2 potions of attraction
 p - a potion of curing {unknown}
 q - 2 potions of ambrosia
 w - a potion of brilliance


   Skills:
 + Level 2.7 Fighting
 * Level 7.5 Ranged Weapons
 + Level 4.1 Dodging
 - Level 1.2 Stealth


You had 4 spell levels left.
You didn't know any spells.
Your spell library was empty.

Dungeon Overview and Level Annotations

Branches:
Dungeon (4/15)
 Temple: D:4-7

Altars:


Message History

You kill the orc!
The orc priest miscasts a cantrip.
You shoot an arrow.
The arrow hits the orc but does no damage.
The orc hits you with a +0 short sword.
You shoot an arrow. The arrow barely misses the orc. x2
The orc hits you with a +0 short sword. The orc barely misses you.
The orc hits you from afar with a +0 trident.
You shoot an arrow.
The arrow hits the orc but does no damage.
Lightning courses through the orc!
You kill the orc!
The orc hits you from afar with a +0 trident.
You shoot an arrow. The arrow hits the orc priest.
The orc priest is severely wounded.
The orc priest hits you with a +0 short sword.
The orc closely misses you.
You shoot an arrow.
The arrow closely misses the orc priest.
The arrow hits the orc but does no damage.
The orc misses you.
The orc priest hits you but does no damage.
You shoot an arrow. The arrow hits the orc priest.
The orc priest is severely wounded.
The orc priest mumbles some strange prayers to Beogh against you.
Pain shoots through your body! The orc barely misses you.
You are too injured to fight recklessly!
You shoot an arrow. The arrow barely misses the orc priest.
The arrow hits the orc.
The orc is heavily wounded.
The orc priest hits you with a +0 short sword.
* * * LOW HITPOINT WARNING * * *
The orc hits you from afar with a +0 trident.
* * * LOW HITPOINT WARNING * * *
You fade into invisibility!
The orc hits you from afar with a +0 trident!
* * * LOW HITPOINT WARNING * * *
The orc priest calls down the wrath of Beogh upon you.
Beogh smites you!
You die...

#..#.##....§<#.#
#..#.......^...#
#..#....§#####.#
#..#...#.# #.#
#......+.# #.#
#......### #.#
###o...# #.#
#o#### #.# #@#
#.# #...o...#
#.# #.......#
#.# #.......#
#.# #.......#
#.# ........#
#.# +########
#.# #.# #.#


You could see an orc priest (unable to see you) and 2 orcs.

Vanquished Creatures
  2 hounds (D:3)
  An orc wizard (D:3)
  A gnoll (D:3)
  An adder (D:2)
  2 worms
  5 dart slugs
  6 orcs
  3 ball pythons
  10 bats
  9 endoplasms
  A giant cockroach (D:1)
  9 goblins
  4 hobgoblins
  10 jackals
  4 quokkas
  7 frilled lizards
  5 kobolds
  9 rats
89 creatures vanquished.

Notes
Turn   | Place    | Note
-------+----------+-------------------------------------------
     0 | D:1      | senseless the Deep Elf Hunter began the quest for the Orb.
     0 | D:1      | Reached XP level 1. HP: 12/12 MP: 3/3
   116 | D:1      | Reached XP level 2. HP: 17/17 MP: 4/4
   562 | D:1      | Reached skill level 6 in Ranged Weapons
   665 | D:1      | Reached XP level 3. HP: 21/21 MP: 5/5
  1865 | D:2      | Reached XP level 4. HP: 26/26 MP: 6/6
  2574 | D:3      | Reached skill level 7 in Ranged Weapons
  2661 | D:3      | Reached XP level 5. HP: 30/31 MP: 7/7
  3228 | D:4      | HP: 1/31 [orc/+0 trident (5)]
  3228 | D:4      | Killed from afar by an orc priest

Illustrated notes

Levels and vault maps discovered:
D:1:      dpeg_arrival_ternary, layout_loops_corners
D:2:      layout_basic, nicolae_the_louvre
D:3:      minmay_skewed_foursquare, layout_basic,
          amcnicky_mini_rare_corridor_liquid, cheibrodos_gnoll_hut
D:4:      layout_basic, uniq_menkaure

Skill      XL: |  1  2  3  4  5 |
---------------+----------------+-----
Ranged Weapons | 6 7 |  7.5
Fighting       | 2 |  2.7
Dodging        | 3 4 |  4.1
Stealth        | |  1.2

Action                     |  1- 3 |  4- 6 || total
---------------------------+-------+-------++-------
  Melee: Shortbow          |       |     1 ||     1
   Fire: Shortbow          |   114 |   116 ||   230
    Use: Scroll            |       |    11 ||    11
         Potion            |       |     1 ||     1
 Armour: Leather armour    |     9 |     9 ||    18
  Dodge: Dodged            |    20 |    32 ||    52

Table legend: (Time is in decaauts)
 A = Elapsed time spent in this place.
 B = Non-inter-level travel time spent in this place.
 C = Inter-level travel time spent in this place.
 D = Time resting spent in this place.
 E = Time spent auto-exploring this place.
 F = Levels seen in this place.
 G = Mean time per level.
                   A        B        C        D        E       F      G
               +--------+--------+--------+--------+--------+-----+--------+
         Total |   3257 |   3141 |    116 |      0 |   2707 |   4 |  814.2 |
       Dungeon |   3257 |   3141 |    116 |      0 |   2707 |   4 |  814.2 |
               +--------+--------+--------+--------+--------+-----+--------+

Top non-repeatable levels by time:
     D:2: 1299 daAuts
     D:1: 973 daAuts
     D:3: 817 daAuts
     D:4: 167 daAuts
